[Event "Austrian Youth-ch U18 Boys 2024"]
[Site "Leibnitz"]
[Date "2024.03.26"]
[Round "5.8"]
[White "Hengl, Philip"]
[Black "Wagner, Leopold Franziskus"]
[Result "1/2-1/2"]
[ECO "C65"]
[WhiteElo "2145"]
[BlackElo "2228"]
[Annotator "RC"]
[PlyCount "52"]
[EventDate "2024.03.23"]
[EventType "swiss"]
[EventCountry "AUT"]
[SourceTitle "playchess.com"]
[Source "ChessBase"]
[SourceQuality "1"]
[TimeControl "5400+30"]

1. e4 Nc6 2. Nf3 e5 3. Bb5 Nf6 4. d3 Bc5 5. c3 d6 6. O-O O-O 7. Nbd2 a6 8. Ba4 b5 9. Bb3 Bg4 10. Re1 Re8 11. h3 Bh5 12. Nf1 h6 13. Ng3 Bg6 14. Be3 Bxe3 15. Rxe3 Na5 16. Bc2 c5 17. a4 b4 18. Nd2 d5 19. cxb4 cxb4 20. Nb3 Rc8 21. Nxa5 Qxa5 22. Bb3 dxe4 23. dxe4 Red8 24. Qe2 Rd4 25. Rd1 Rcd8 26. Red3 Qb6 1/2-1/2

[Event "Austrian Youth-ch U18 Boys 2024"]
[Site "Leibnitz"]
[Date "2024.03.27"]
[Round "6.1"]
[White "Zaytsev, Alexander"]
[Black "Balint, Peter"]
[Result "1/2-1/2"]
[ECO "C75"]
[WhiteElo "2018"]
[BlackElo "2345"]
[Annotator "RC"]
[PlyCount "39"]
[EventDate "2024.03.23"]
[EventType "swiss"]
[EventCountry "AUT"]
[SourceTitle "playchess.com"]
[Source "ChessBase"]
[SourceQuality "1"]
[TimeControl "5400+30"]

1. e4 e5 2. Nf3 Nc6 3. Bb5 a6 4. Ba4 d6 5. O-O Bd7 6. c3 Nge7 7. d4 Ng6 8. Re1 Be7 9. Be3 O-O 10. Nbd2 exd4 11. cxd4 Nb4 12. Bxd7 Qxd7 13. Nf1 d5 14. e5 f6 15. Ng3 Nc6 16. Bd2 fxe5 17. dxe5 Nd8 18. Nd4 Ne6 19. Qg4 Nc5 20. e6 1/2-1/2

[Event "Austrian Youth-ch U18 Boys 2024"]
[Site "Leibnitz"]
[Date "2024.03.27"]
[Round "6.2"]
[White "Borrmann, Laurenz"]
[Black "Marakovits, Nico"]
[Result "1-0"]
[ECO "E49"]
[WhiteElo "2311"]
[BlackElo "2234"]
[Annotator "RC"]
[PlyCount "101"]
[EventDate "2024.03.23"]
[EventType "swiss"]
[EventCountry "AUT"]
[SourceTitle "playchess.com"]
[Source "ChessBase"]
[SourceQuality "1"]
[TimeControl "5400+30"]

1. d4 Nf6 2. c4 e6 3. Nc3 Bb4 4. e3 O-O 5. Bd3 d5 6. a3 Bxc3+ 7. bxc3 dxc4 8. Bxc4 c5 9. Ne2 Qc7 10. Bd3 Nc6 11. f4 Rd8 12. O-O b6 13. Ng3 Bb7 14. Bb2 a5 15. Nh5 Nxh5 16. Qxh5 g6 17. Qh6 Qe7 18. Rf3 Qf8 19. Qh4 Qe7 20. Qf2 e5 21. Rh3 e4 22. Bc4 Bc8 23. Rg3 Be6 24. Be2 cxd4 25. exd4 Qf6 26. Rd1 Ne7 27. c4 Nf5 28. Rb3 e3 29. Qf3 Bd7 30. d5 Qd6 31. Rc1 Ba4 32. Rd3 Re8 33. g4 Nh4 34. Qg3 g5 35. fxg5 Qxg3+ 36. hxg3 Ng6 37. Bd4 b5 38. c5 b4 39. axb4 Bb5 40. d6 axb4 41. c6 Bxd3 42. Bxd3 e2 43. Kf2 Ra2 44. Ke1 Nf8 45. d7 Rd8 46. Bf6 b3 47. Bxd8 b2 48. Rb1 Ra1 49. Bf6 Rxb1+ 50. Bxb1 h5 51. d8=N 1-0

[Event "Austrian Youth-ch U18 Boys 2024"]
[Site "Leibnitz"]
[Date "2024.03.27"]
[Round "6.3"]
[White "Gschiel, Alexander"]
[Black "Lerch, Johannes"]
[Result "1-0"]
[ECO "E06"]
[WhiteElo "2336"]
[BlackElo "2258"]
[Annotator "RC"]
[PlyCount "99"]
[EventDate "2024.03.23"]
[EventType "swiss"]
[EventCountry "AUT"]
[SourceTitle "playchess.com"]
[Source "ChessBase"]
[SourceQuality "1"]
[TimeControl "5400+30"]

1. d4 Nf6 2. c4 e6 3. Nf3 d5 4. g3 Be7 5. Bg2 O-O 6. O-O a5 7. Nc3 dxc4 8. Ne5 Nc6 9. Nxc6 bxc6 10. Bxc6 Rb8 11. Qa4 Qxd4 12. Qxa5 Qb6 13. Qa4 Qa6 14. b3 Bb4 15. Bb2 Qxa4 16. Bxa4 cxb3 17. Bxb3 Ba6 18. Rfc1 Ba5 19. e3 Rfd8 20. Na4 Rd2 21. Rc2 Ne4 22. Bd4 Ng5 23. Rxd2 Nf3+ 24. Kg2 Nxd2 25. Nc5 Bb5 26. Ba4 Bc4 27. Bc2 f5 28. Bb3 Re8 29. Bxc4 Nxc4 30. Rc1 Nd6 31. Nb3 e5 32. Bc5 Ra8 33. a4 Kf7 34. Nxa5 Rxa5 35. Bb4 Ra7 36. a5 Ke6 37. Rc6 Kd7 38. Rc5 e4 39. g4 Rb7 40. Bc3 g6 41. gxf5 gxf5 42. Bd4 Ke6 43. a6 Rb8 44. Rxc7 Ra8 45. a7 f4 46. Rxh7 Nf5 47. Rh8 fxe3 48. Rxa8 e2 49. Bc3 Nh4+ 50. Kh3 1-0

[Event "Austrian Youth-ch U18 Boys 2024"]
[Site "Leibnitz"]
[Date "2024.03.27"]
[Round "6.4"]
[White "Kienboeck, Benjamin"]
[Black "Wendl, Philipp"]
[Result "1-0"]
[ECO "C11"]
[WhiteElo "2219"]
[BlackElo "2237"]
[Annotator "RC"]
[PlyCount "103"]
[EventDate "2024.03.23"]
[EventType "swiss"]
[EventCountry "AUT"]
[SourceTitle "playchess.com"]
[Source "ChessBase"]
[SourceQuality "1"]
[TimeControl "5400+30"]

1. e4 e6 2. d4 d5 3. Nc3 Nf6 4. e5 Nfd7 5. f4 c5 6. Nf3 Nc6 7. Be3 a6 8. a3 b5 9. Bd3 Qb6 10. Bf2 cxd4 11. Ne2 Qa5+ 12. b4 Qc7 13. O-O Be7 14. Nexd4 Nxd4 15. Nxd4 g6 16. Kh1 Bb7 17. Qe2 Nb6 18. g4 Nc4 19. Bg3 Qb6 20. c3 a5 21. Bf2 axb4 22. axb4 Kd7 23. Kg1 h5 24. Rxa8 Bxa8 25. Ra1 Bb7 26. f5 gxf5 27. gxf5 Rg8+ 28. Kf1 Qc7 29. Ra7 Kc8 30. fxe6 fxe6 31. Nxb5 Qd7 32. Nd4 Kb8 33. Ra1 Bd8 34. Qxh5 Rg5 35. Qh7 Qxh7 36. Bxh7 Rh5 37. Nxe6 Be7 38. Bd3 Rxh2 39. Bxc4 dxc4 40. Re1 Bc8 41. Nf4 Rh1+ 42. Ke2 Bg4+ 43. Ke3 Rh2 44. Rg1 Bf5 45. Rg7 Bd8 46. Rg8 Kc8 47. Bg3 Rc2 48. Kd4 Kb7 49. Kxc4 Bc7 50. Rg7 Kc8 51. Nd5 Be6 52. Rxc7+ 1-0

[Event "Austrian Youth-ch U18 Boys 2024"]
[Site "Leibnitz"]
[Date "2024.03.27"]
[Round "6.5"]
[White "Miazhynski, Michael"]
[Black "Hofstadler, Mario"]
[Result "1-0"]
[ECO "B10"]
[WhiteElo "2178"]
[BlackElo "2104"]
[Annotator "RC"]
[PlyCount "65"]
[EventDate "2024.03.23"]
[EventType "swiss"]
[EventCountry "AUT"]
[SourceTitle "playchess.com"]
[Source "ChessBase"]
[SourceQuality "1"]
[TimeControl "5400+30"]

1. e4 c6 2. c4 d5 3. cxd5 cxd5 4. exd5 Nf6 5. Qa4+ Nbd7 6. Nc3 g6 7. Bc4 Bg7 8. Nf3 O-O 9. d3 a6 10. Qa3 Nb6 11. Qb3 Nbd7 12. a4 Nc5 13. Qa3 Qd6 14. Be3 b6 15. a5 Bf5 16. axb6 Nxd3+ 17. Bxd3 Bxd3 18. Qxd6 exd6 19. Kd2 Bc4 20. Ra5 Rab8 21. b3 Bxb3 22. Rb1 Bc4 23. b7 Nd7 24. Ba7 Rbe8 25. Nd4 Bxd4 26. Bxd4 f5 27. Ra4 Bb5 28. Nxb5 axb5 29. Rxb5 Kf7 30. Ba7 Ke7 31. Rc4 Rd8 32. Rc7 Kf6 33. Rxd7 1-0

[Event "Austrian Youth-ch U18 Boys 2024"]
[Site "Leibnitz"]
[Date "2024.03.27"]
[Round "6.6"]
[White "Kuti, Oliver"]
[Black "Hake, Nils"]
[Result "1-0"]
[ECO "B33"]
[WhiteElo "2006"]
[BlackElo "1992"]
[Annotator "NA RC"]
[PlyCount "67"]
[EventDate "2024.03.23"]
[EventType "swiss"]
[EventCountry "AUT"]
[SourceTitle "playchess.com"]
[Source "ChessBase"]
[SourceQuality "1"]
[TimeControl "5400+30"]

1. e4 c5 2. Nf3 Nc6 3. d4 cxd4 4. Nxd4 e5 5. Nb5 Nf6 6. N1c3 d6 7. Bg5 a6 8. Na3 b5 9. Bxf6 gxf6 10. Nd5 f5 11. Bd3 Be6 12. c3 Bg7 13. Nxb5 axb5 14. Bxb5 Bd7 15. exf5 $1 O-O 16. O-O Ra5 (16... Ra7 $11 {keeps the balance.}) 17. a4 Nb8 $2 {[%emt 0:04:40] [#]} ({Avoid the trap} 17... Ne7 $2 18. f6 Nxd5 19. fxg7 Kxg7 20. Qxd5 Bxb5 21. axb5 $18) (17... e4 $16 {was worth a try.}) 18. f6 $1 Bxf6 19. Nxf6+ Qxf6 20. Bxd7 Kh8 21. Bb5 Rg8 22. b4 Ra7 23. a5 Qd8 $18 24. Qd5 Qc7 25. c4 Na6 26. Bxa6 Rxa6 27. Rfc1 Rg4 28. Qb5 Ra8 29. a6 Qa7 30. Qc6 Rg6 31. Qb7 Rgg8 32. c5 dxc5 33. Qxa7 Rxa7 34. b5 1-0

[Event "Austrian Youth-ch U18 Boys 2024"]
[Site "Leibnitz"]
[Date "2024.03.27"]
[Round "6.7"]
[White "Hengl, Philip"]
[Black "Ernst, Robert"]
[Result "1/2-1/2"]
[ECO "B48"]
[WhiteElo "2145"]
[BlackElo "2332"]
[Annotator "RC"]
[PlyCount "82"]
[EventDate "2024.03.23"]
[EventType "swiss"]
[EventCountry "AUT"]
[SourceTitle "playchess.com"]
[Source "ChessBase"]
[SourceQuality "1"]
[TimeControl "5400+30"]

1. e4 c5 2. Nf3 e6 3. d4 cxd4 4. Nxd4 Nc6 5. Nc3 Qc7 6. Be3 a6 7. a3 b5 8. Nxc6 dxc6 9. Qg4 e5 10. Qg3 h5 11. Bd4 f6 12. Be3 g5 13. f3 h4 14. Qf2 Be6 15. Be2 Ne7 16. a4 Qb7 17. O-O Ng6 18. Rfd1 Be7 19. Rd2 Kf7 20. Bf1 Rhd8 21. Rxd8 Bxd8 22. Bc5 Nf8 23. Rd1 Nd7 24. Be3 Be7 25. b3 Bb4 26. Ne2 bxa4 27. bxa4 Be7 28. Nc1 Qb4 29. Nb3 c5 30. Qd2 Qxa4 31. Ra1 Qc6 32. Qc3 Qb6 33. Na5 Qb4 34. Qxb4 cxb4 35. Nc6 Bc5 36. Bxc5 Nxc5 37. Ra5 b3 38. cxb3 Nxb3 39. Rxa6 Rc8 40. Ra7+ Kf8 41. Ra6 Nc5 1/2-1/2

[Event "Austrian Youth-ch U18 Boys 2024"]
[Site "Leibnitz"]
[Date "2024.03.27"]
[Round "6.8"]
[White "Wagner, Leopold Franziskus"]
[Black "Sohn, Benedikt"]
[Result "1-0"]
[ECO "D11"]
[WhiteElo "2228"]
[BlackElo "2061"]
[Annotator "RC"]
[PlyCount "43"]
[EventDate "2024.03.23"]
[EventType "swiss"]
[EventCountry "AUT"]
[SourceTitle "playchess.com"]
[Source "ChessBase"]
[SourceQuality "1"]
[TimeControl "5400+30"]

1. d4 Nf6 2. c4 c6 3. Nf3 d5 4. e3 Bg4 5. Nc3 e6 6. h3 Bh5 7. g4 Bg6 8. Ne5 dxc4 9. Bxc4 Be4 10. Rg1 Bd5 11. Bd3 c5 12. Nxd5 Qxd5 13. Bc4 Qd6 14. Qf3 Nc6 15. g5 cxd4 16. Nxc6 bxc6 17. gxf6 Qb4+ 18. Bd2 Qxc4 19. fxg7 Bxg7 20. Rxg7 dxe3 21. Qxf7+ Kd8 22. Qd7# 1-0

[Event "Austrian Youth-ch U18 Boys 2024"]
[Site "Leibnitz"]
[Date "2024.03.28"]
[Round "7.1"]
[White "Gschiel, Alexander"]
[Black "Borrmann, Laurenz"]
[Result "0-1"]
[ECO "E01"]
[WhiteElo "2336"]
[BlackElo "2311"]
[Annotator "RC"]
[PlyCount "86"]
[EventDate "2024.03.23"]
[EventType "swiss"]
[EventCountry "AUT"]
[SourceTitle "playchess.com"]
[Source "ChessBase"]
[SourceQuality "1"]
[TimeControl "5400+30"]

1. d4 Nf6 2. Nf3 d5 3. c4 e6 4. g3 Bb4+ 5. Nbd2 O-O 6. a3 Bxd2+ 7. Bxd2 dxc4 8. Bg2 a6 9. Bb4 Re8 10. Ne5 Nd5 11. Nxc4 Nxb4 12. axb4 Qe7 13. Qd2 Nd7 14. Ra5 Nf6 15. O-O Rb8 16. Ne5 Bd7 17. Nxd7 Qxd7 18. e4 Red8 19. Rd1 c6 20. Qc3 Qe7 21. Bf3 Rd7 22. Kg2 Rbd8 23. h4 Ne8 24. Rg5 h6 25. Re5 Nc7 26. Be2 Rd6 27. Kf3 Qd7 28. Ke3 f6 29. Ra5 e5 30. Bc4+ Kh8 31. d5 cxd5 32. Bxd5 Nb5 33. Qd2 f5 34. f3 fxe4 35. fxe4 Rf8 36. Qg2 Rdf6 37. Raa1 Qd6 38. Rac1 Qxb4 39. g4 Nd4 40. Rf1 Nc2+ 41. Qxc2 Qd4+ 42. Ke2 Rf2+ 43. Rxf2 Rxf2+ 0-1

[Event "Austrian Youth-ch U18 Boys 2024"]
[Site "Leibnitz"]
[Date "2024.03.28"]
[Round "7.2"]
[White "Balint, Peter"]
[Black "Miazhynski, Michael"]
[Result "1/2-1/2"]
[ECO "C41"]
[WhiteElo "2345"]
[BlackElo "2178"]
[Annotator "RC"]
[PlyCount "104"]
[EventDate "2024.03.23"]
[EventType "swiss"]
[EventCountry "AUT"]
[SourceTitle "playchess.com"]
[Source "ChessBase"]
[SourceQuality "1"]
[TimeControl "5400+30"]

1. e4 d6 2. d4 Nf6 3. Nc3 e5 4. Nf3 Nbd7 5. Bc4 Be7 6. O-O O-O 7. Re1 c6 8. a4 a5 9. b3 Nb6 10. Bf1 exd4 11. Nxd4 d5 12. e5 Ne8 13. Nce2 g6 14. Nf4 Ng7 15. Bb2 Bg5 16. Nd3 Re8 17. f4 Be7 18. Qf3 Bd7 19. Qf2 c5 20. Nb5 Bxb5 21. axb5 Qc7 22. Qf3 h5 23. Nf2 a4 24. c4 Qd7 25. cxd5 Qxd5 26. Qxd5 Nxd5 27. Rxa4 Rxa4 28. bxa4 Nxf4 29. a5 Nge6 30. a6 bxa6 31. bxa6 Nc7 32. Ra1 Nfd5 33. Ne4 Ra8 34. Nd6 Nb4 35. a7 Nc6 36. Nb5 Bd8 37. Nxc7 Bxc7 38. Bb5 Na5 39. Kf1 Rxa7 40. Bc3 Bb6 41. Ke2 Nb3 42. Rxa7 Bxa7 43. Bc4 Nd4+ 44. Bxd4 cxd4 45. e6 fxe6 46. Bxe6+ Kg7 47. h3 Kf6 48. Bd5 Ke5 49. Bb7 Kf4 50. Kd3 g5 51. Bf3 g4 52. hxg4 hxg4 1/2-1/2

[Event "Austrian Youth-ch U18 Boys 2024"]
[Site "Leibnitz"]
[Date "2024.03.28"]
[Round "7.3"]
[White "Kuti, Oliver"]
[Black "Zaytsev, Alexander"]
[Result "1-0"]
[ECO "B40"]
[WhiteElo "2006"]
[BlackElo "2018"]
[Annotator "RC"]
[PlyCount "63"]
[EventDate "2024.03.23"]
[EventType "swiss"]
[EventCountry "AUT"]
[SourceTitle "playchess.com"]
[Source "ChessBase"]
[SourceQuality "1"]
[TimeControl "5400+30"]

1. e4 c5 2. Nf3 e6 3. c3 Qa5 4. Bc4 d6 5. O-O Nf6 6. Re1 b5 7. Bb3 c4 8. Bc2 Nc6 9. d4 cxd3 10. Bxd3 Bb7 11. b4 Qb6 12. Be3 Qc7 13. Bxb5 Nxe4 14. Bxa7 Rxa7 15. Rxe4 Be7 16. Nbd2 O-O 17. Qb3 Bf6 18. Ree1 d5 19. a4 Rd8 20. a5 Ne5 21. Rec1 Nxf3+ 22. Nxf3 Qf4 23. Be2 e5 24. a6 Bc8 25. b5 d4 26. b6 Rxa6 27. Bxa6 Bxa6 28. cxd4 e4 29. g3 Qf5 30. Rxa6 exf3 31. b7 Rb8 32. Ra8 1-0

[Event "Austrian Youth-ch U18 Boys 2024"]
[Site "Leibnitz"]
[Date "2024.03.28"]
[Round "7.4"]
[White "Ernst, Robert"]
[Black "Kienboeck, Benjamin"]
[Result "1/2-1/2"]
[ECO "C28"]
[WhiteElo "2332"]
[BlackElo "2219"]
[Annotator "RC"]
[PlyCount "47"]
[EventDate "2024.03.23"]
[EventType "swiss"]
[EventCountry "AUT"]
[SourceTitle "playchess.com"]
[Source "ChessBase"]
[SourceQuality "1"]
[TimeControl "5400+30"]

1. e4 e5 2. Nc3 Nc6 3. Bc4 Nf6 4. d3 Be7 5. f4 O-O 6. Nf3 d6 7. a4 Be6 8. fxe5 dxe5 9. Bg5 Bxc4 10. dxc4 Bb4 11. Qd3 Bxc3+ 12. bxc3 Qe7 13. O-O Rad8 14. Qe2 h6 15. Bh4 b6 16. Rab1 Na5 17. Kh1 Qe6 18. c5 Qc4 19. Qe1 Qxe4 20. Qxe4 Nxe4 21. Bxd8 Rxd8 22. cxb6 cxb6 23. Nxe5 f6 24. Nf3 1/2-1/2

[Event "Austrian Youth-ch U18 Boys 2024"]
[Site "Leibnitz"]
[Date "2024.03.28"]
[Round "7.5"]
[White "Lerch, Johannes"]
[Black "Marakovits, Nico"]
[Result "1/2-1/2"]
[ECO "B09"]
[WhiteElo "2258"]
[BlackElo "2234"]
[Annotator "RC"]
[PlyCount "28"]
[EventDate "2024.03.23"]
[EventType "swiss"]
[EventCountry "AUT"]
[SourceTitle "playchess.com"]
[Source "ChessBase"]
[SourceQuality "1"]
[TimeControl "5400+30"]

1. e4 d6 2. d4 Nf6 3. Nc3 g6 4. f4 Bg7 5. Nf3 c5 6. Bb5+ Bd7 7. e5 Ng4 8. e6 fxe6 9. Ng5 Bxb5 10. Nxe6 Bxd4 11. Nxd8 Bf2+ 12. Kd2 Be3+ 13. Ke1 Bf2+ 14. Kd2 Be3+ 1/2-1/2

[Event "Austrian Youth-ch U18 Boys 2024"]
[Site "Leibnitz"]
[Date "2024.03.28"]
[Round "7.6"]
[White "Wendl, Philipp"]
[Black "Wagner, Leopold Franziskus"]
[Result "1-0"]
[ECO "D35"]
[WhiteElo "2237"]
[BlackElo "2228"]
[Annotator "RC"]
[PlyCount "109"]
[EventDate "2024.03.23"]
[EventType "swiss"]
[EventCountry "AUT"]
[SourceTitle "playchess.com"]
[Source "ChessBase"]
[SourceQuality "1"]
[TimeControl "5400+30"]

1. c4 e6 2. Nc3 d5 3. d4 Nf6 4. cxd5 exd5 5. Bg5 Be7 6. e3 O-O 7. Bd3 Re8 8. Qc2 h6 9. Bh4 c5 10. dxc5 d4 11. exd4 Qxd4 12. Nf3 Qxc5 13. O-O Bg4 14. Bxf6 Bxf6 15. Ne4 Qxc2 16. Nxf6+ gxf6 17. Bxc2 Nc6 18. Bd1 Rad8 19. b3 Re7 20. Rc1 Bxf3 21. Bxf3 Nd4 22. Rc3 Ne2+ 23. Bxe2 Rxe2 24. a4 Red2 25. Rg3+ Kf8 26. h3 Rd1 27. Rxd1 Rxd1+ 28. Kh2 Rd4 29. Rg4 Rxg4 30. hxg4 Ke7 31. Kg3 Kd6 32. Kf4 Kc5 33. Kf5 Kb4 34. Kxf6 Kxb3 35. f4 Kxa4 36. g5 hxg5 37. fxg5 b5 38. Kxf7 b4 39. g6 b3 40. g7 b2 41. g8=Q b1=Q 42. Qe8+ Qb5 43. g4 a5 44. g5 Qxe8+ 45. Kxe8 Kb3 46. g6 a4 47. g7 a3 48. g8=Q+ Kb2 49. Qg2+ Kb1 50. Qf1+ Kb2 51. Qe2+ Kb3 52. Qd1+ Kb2 53. Qd2+ Ka1 54. Qc2 a2 55. Qc1# 1-0

[Event "Austrian Youth-ch U18 Boys 2024"]
[Site "Leibnitz"]
[Date "2024.03.28"]
[Round "7.7"]
[White "Leitner, Thomas"]
[Black "Hengl, Philip"]
[Result "0-1"]
[ECO "E00"]
[WhiteElo "1907"]
[BlackElo "2145"]
[Annotator "RC"]
[PlyCount "54"]
[EventDate "2024.03.23"]
[EventType "swiss"]
[EventCountry "AUT"]
[SourceTitle "playchess.com"]
[Source "ChessBase"]
[SourceQuality "1"]
[TimeControl "5400+30"]

1. d4 Nf6 2. c4 e6 3. a3 h6 4. Nc3 d5 5. Bf4 Be7 6. e3 O-O 7. h3 dxc4 8. Bxc4 a6 9. Nf3 b5 10. Bb3 Bb7 11. Qe2 c5 12. Rd1 cxd4 13. Rxd4 Qb6 14. O-O Nc6 15. Rd2 Na5 16. Ba2 Rfd8 17. Rfd1 Rxd2 18. Rxd2 Rc8 19. Rd3 Nc4 20. Ne5 Nxe5 21. Bxe5 Qc6 22. f3 a5 23. Qd2 b4 24. axb4 axb4 25. Ne2 Ba6 26. Rd4 Qb5 27. Ng3 Qxe5 0-1

[Event "Austrian Youth-ch U18 Boys 2024"]
[Site "Leibnitz"]
[Date "2024.03.28"]
[Round "7.8"]
[White "Hofstadler, Mario"]
[Black "Haralcic, Edin"]
[Result "1-0"]
[ECO "D36"]
[WhiteElo "2104"]
[BlackElo "1861"]
[Annotator "RC"]
[PlyCount "106"]
[EventDate "2024.03.23"]
[EventType "swiss"]
[EventCountry "AUT"]
[SourceTitle "playchess.com"]
[Source "ChessBase"]
[SourceQuality "1"]
[TimeControl "5400+30"]

1. d4 Nf6 2. Nf3 e6 3. c4 d5 4. cxd5 exd5 5. Nc3 c6 6. Bg5 Be7 7. e3 Nbd7 8. Bd3 O-O 9. Qc2 h6 10. Bf4 Nb6 11. O-O Bd6 12. Bg3 Bxg3 13. hxg3 Be6 14. b4 Rc8 15. a4 Qe7 16. Rab1 Nbd7 17. Rfc1 Rfd8 18. Nh4 a6 19. Re1 Nb6 20. Nf3 Nbd7 21. Nd2 b5 22. a5 Ne8 23. e4 dxe4 24. Ncxe4 Nef6 25. Nc5 Nxc5 26. dxc5 Qd7 27. Re3 Nd5 28. Bh7+ Kh8 29. Rxe6 fxe6 30. Nf3 g5 31. Bg6 Qg7 32. Re1 Rf8 33. Rxe6 Rf6 34. Rxf6 Qxf6 35. Qe4 Nxb4 36. Bf5 Rf8 37. g4 Nd5 38. Nd4 Ne7 39. g3 Nxf5 40. gxf5 Rd8 41. Nxc6 Rc8 42. Nd4 b4 43. Ne6 b3 44. Qb7 Re8 45. Qxb3 Qa1+ 46. Kh2 Qf6 47. c6 h5 48. c7 h4 49. Qb8 hxg3+ 50. Kg2 Rxb8 51. cxb8=Q+ Kh7 52. Qb7+ Kh6 53. Qb1 g4 1-0